 Dungeon Crawl Stone Soup version 0.30.1-9-gdf580d7c3d (webtiles) character file.

Game seed: 15345666432739018417

301 KittyFluff the Cudgeller (level 6, 0/57 HPs)
             Began as a Gargoyle Berserker on Oct 20, 2023.
             Was a Believer of Trog.
             Killed from afar by an orc wizard (4 damage)
             ... with a magic dart
             ... on level 3 of the Dungeon.
             The game lasted 00:08:19 (2144 turns).

KittyFluff the Cudgeller (Gargoyle Berserker)       Turns: 2144, Time: 00:08:20

Health: 0/57       AC:  9    Str: 22    XL:     6   Next: 37%
Magic:  6/6        EV: 12    Int:  8    God:    Trog [**....]
Gold:   108        SH:  0    Dex:  9    Spells: 5/5 levels left

rFire   . . .        a - +0 mace
rCold   . . .        (no shield)
rNeg    + . .        p - +0 leather armour
rPois   ∞            f - +0 helmet
rElec   +            (no cloak)
rCorr   .            (no gloves)
SInv    .            (no boots)
Will    .....        (no amulet) Stlth
                     r - ring of flight
HPRegen 0.29/turn    (no ring)
MPRegen 0.10/turn

%: no passive effects
@: berserking, flying, very quick
A: sickness immunity, AC +4, negative energy resistance 1, electricity
resistance, torment resistance 1, petrification resistance
a: Renounce Religion, Berserk, Trog's Hand


You were on level 3 of the Dungeon.
You worshipped Trog.
Trog was pleased with you.
You visited 1 branch of the dungeon, and saw 3 of its levels.

You collected 108 gold pieces.

Inventory:

Hand Weapons
 a - a +0 mace (weapon)
Missiles
 c - 3 boomerangs (quivered)
 l - 2 javelins
Armour
 f - a +0 helmet (worn)
 p - a +0 leather armour (worn)
Jewellery
 r - a ring of flight (left hand)
Scrolls
 d - 8 scrolls of identify {unknown}
 j - 2 scrolls of butterflies {unknown}
 k - 2 scrolls of poison {unknown}
 m - a scroll of fear {unknown}
 n - a scroll of teleportation {unknown}
 o - a scroll of silence {unknown}
Potions
 b - a potion of attraction {unknown}
 e - 2 potions of flight {unknown}
 g - 2 potions of curing {unknown}
 h - a potion of lignification {unknown}
 i - 3 potions of berserk rage {unknown}
 q - a potion of magic {unknown}
 s - a potion of brilliance {unknown}


   Skills:
 + Level 4.2 Fighting
 * Level 4.6 Maces & Flails
 * Level 4.4 Armour
 + Level 2.6 Dodging


You had 5 spell levels left.
You didn't know any spells.
Your spell library was empty.

Dungeon Overview and Level Annotations

Branches:
Dungeon (3/15)

Altars:
Gozag
Sif Muna

Shops:
D:1 *


Innate Abilities, Weirdness & Mutations

You are immune to sickness and miasma.
Your stone body is resilient. (AC +4)
You are immune to poison.
You resist negative energy. (rN+)
You are resistant to electric shocks. (rElec)
You are resistant to unholy torment.
You are immune to petrification.


Message History

Dillybarz's ghost attacks as you move away!
Dillybarz's ghost hits you but does no damage.
Dillybarz's ghost attacks as you move away!
Dillybarz's ghost closely misses you.
You closely miss Dillybarz's ghost. Dillybarz's ghost barely misses you.
You hit Dillybarz's ghost.
Dillybarz's ghost is lightly damaged.
Dillybarz's ghost hits you. Dillybarz's ghost burns you.
You barely miss Dillybarz's ghost.
Dillybarz's ghost is lightly damaged.
Something hits you but does no damage. Dillybarz's ghost closely misses you.
You thump Dillybarz's ghost!
Dillybarz's ghost is moderately damaged.
Something hits you. Dillybarz's ghost hits you! Dillybarz's ghost burns you.
A red film seems to cover your vision as you go berserk!
You feel yourself moving faster!
You feel mighty! Something hits you but does no damage.
Dillybarz's ghost hits you. Dillybarz's ghost burns you.
* * * LOW HITPOINT WARNING * * *
You sock Dillybarz's ghost!
Dillybarz's ghost is heavily damaged.
Something barely misses you.
Dillybarz's ghost hits you but does no damage.
You hit Dillybarz's ghost.
Dillybarz's ghost is severely damaged.
Something hits you but does no damage. Dillybarz's ghost hits you!
* * * LOW HITPOINT WARNING * * *
Dillybarz's ghost burns you.
* * * LOW HITPOINT WARNING * * *
You thump Dillybarz's ghost!
You destroy Dillybarz's ghost!
Trog accepts your kill.
You hear some strange, mumbled words.
Something tries to affect you, but you resist.
You have reached level 6!
You miss the adder. The adder barely misses you.
You hear some strange, mumbled words.
A magic dart appears from out of thin air!
The magic dart hits you.
You die...

#(..#######≈≈....≈≈≈#...#######
#...# ##≈≈≈≈≈≈≈##.......### #...#
##≈≈≈≈≈##..#####...) #...#
####≈###...## #####
###.########..###......# ##
#...........##....##.#######.
#.######...##................
#####.######...##{#.............#
(...............@So.............#
......)......#..###.............#
..♣♣♣...♣♣♣..#..###..#####......(
.♣# #♣.♣# #♣..#..#o.##.8.##......
.♣ ♣.♣ ♣.......S#.....#....## .♣
#♣.♣# #♣.#.##...'....8#....#
..♣♣♣...♣♣♣....#....'._8.∩#....#
....................'..$.8#....#
[.♣♣♣...♣♣♣..#.....)#...$.##.###


You could see an adder and an orc.

Vanquished Creatures
  The ghost of Dillybarz the Trooper, an amateur MiFi (D:3)
  Natasha (twice) (D:3)
  An orc wizard (D:3)
  7 adders
  An orc (D:3)
  4 ball pythons
  10 endoplasms
  2 giant cockroaches
  4 hobgoblins
  9 jackals
  2 quokkas
  9 bats
  5 frilled lizards
  7 goblins
  7 kobolds
  7 rats
78 creatures vanquished.

Notes
Turn   | Place    | Note
-------+----------+-------------------------------------------
     0 | D:1      | KittyFluff the Gargoyle Berserker began the quest for the
                  | Orb.
     0 | D:1      | Reached XP level 1. HP: 14/14 MP: 1/1
   204 | D:1      | Reached XP level 2. HP: 18/19 MP: 2/2
   428 | D:1      | Found Huasequtt's General Store.
   510 | D:1      | Reached XP level 3. HP: 23/23 MP: 3/3
   657 | D:1      | Reached ** piety under Trog
  1051 | D:2      | Reached XP level 4. HP: 29/29 MP: 4/4
  1560 | D:3      | Reached XP level 5. HP: 28/33 MP: 5/5
  1675 | D:3      | Found a shimmering blue altar of Sif Muna.
  1719 | D:3      | Found a runed translucent gate.
  1719 | D:3      | Found a runed translucent gate.
  1719 | D:3      | Found a runed translucent gate.
  1723 | D:3      | Found an opulent altar of Gozag.
  1761 | D:3      | Noticed Natasha
  1773 | D:3      | Killed Natasha
  1981 | D:3      | Noticed Natasha
  1989 | D:3      | Killed Natasha
  2110 | D:3      | Noticed Dillybarz's ghost (amateur MiFi)
  2143 | D:3      | Killed Dillybarz's ghost
  2144 | D:3      | Reached XP level 6. HP: 4/38 MP: 6/6
  2144 | D:3      | Killed from afar by an orc wizard

Illustrated notes

Levels and vault maps discovered:
D:1:      onia_arrival_mini_maze, layout_rooms, serial_shops,
          nicolae_diamond_shop, chequers_garden, minmay_misc_feat_roman,
          due_unseen_surprise
D:2:      layout_loops_cross
D:3:      layout_rooms, kennysheep_orc_sif_temple, ebering_ghost_gozag,
          minmay_stone_trees_large, uniq_natasha

Skill      XL: |  1  2  3  4  5 |
---------------+----------------+-----
Armour         | 3 4 |  4.4
Dodging        | 2 |  2.6
Maces & Flails | 4 |  4.6
Fighting       | 4 |  4.2

Action                     |  1- 3 |  4- 6 || total
---------------------------+-------+-------++-------
  Melee: Mace              |   141 |   138 ||   279
 Invoke: Berserk           |       |     1 ||     1
 Armour: Animal skin       |    59 |    48 ||   107
         Leather armour    |       |    20 ||    20
  Dodge: Dodged            |   112 |   115 ||   227
